 Dungeon Crawl Stone Soup version 0.29.1-2-gbd0b4ee654 (webtiles) character file.

Game seed: 6231420720934418123

7 styxcanada the Sneak (level 1, -2/10 HPs)
             Began as a Spriggan Brigand on Oct 30, 2022.
             Slain by a kobold
             ... wielding a +0 whip
              (4 damage)
             ... on level 1 of the Dungeon.
             The game lasted 00:00:58 (301 turns).

styxcanada the Sneak (Spriggan Brigand)              Turns: 301, Time: 00:00:59

Health: -2/10      AC:  3    Str:  7    XL:     1   Next: 91%
Magic:  2/2        EV: 16    Int: 12    God:
Gold:   0          SH:  0    Dex: 16    Spells: 0/0 levels left

rFire   . . .      SeeInvis +   a - +2 dagger
rCold   . . .      Faith    .   (no shield)
rNeg    . . .      Spirit   .   b - +0 robe
rPois   .          Reflect  .   (helmet restricted)
rElec   .          Harm     .   c - +0 cloak
rCorr   .          Rampage  .   (gloves unavailable)
Will    .....                   (boots unavailable)
Stlth   +++.......              (no amulet)
HPRegen 0.03/turn               (no ring)
MPRegen 0.08/turn               (no ring)

@: very quick
A: very small, no large weapons, unfitting armour, see invisible, speed 3
a: no special abilities


You were on level 1 of the Dungeon.
You visited 1 branch of the dungeon, and saw 1 of its levels.

Inventory:

Hand Weapons
 a - a +2 dagger (weapon)
Missiles
 d - 7 poisoned darts (quivered)
 e - 3 curare-tipped darts
 h - 5 stones
Armour
 b - a +0 robe (worn)
 c - a +0 cloak (worn)
Scrolls
 f - a scroll of teleportation {unknown}
 g - 2 scrolls of identify {unknown}


   Skills:
 * Level 1.6 Fighting
 + Level 2.2 Short Blades
 + Level 2.0 Throwing
 * Level 1.5 Dodging
 * Level 6.4 Stealth


You couldn't memorise any spells.
You didn't know any spells.
Your spell library was empty.

Dungeon Overview and Level Annotations

Branches:
Dungeon (1/15)

Altars:


Innate Abilities, Weirdness & Mutations

You are very small and have problems with some larger weapons.
You are too small for most types of armour.
You have supernaturally acute eyesight. (SInv)
You cover ground extremely quickly. (Speed+++)


Message History

You kill the rat!
g - 2 scrolls labelled MOM RIANKOADI (gained 1)
A hobgoblin comes into view.
The helpless hobgoblin fails to defend itself.
You impale the hobgoblin!!
You kill the hobgoblin!
Found 5 stones.
You see here 5 stones.
h - 5 stones A kobold comes into view. It is wielding a +0 whip.
The kobold shouts!
You hear a bark!
You hear a shout!
You hear a bark!
A jackal comes into view.
A goblin comes into view. It is wielding a +0 dagger.
The kobold hits you with a +0 whip.
You barely miss the kobold.
A jackal comes into view.
The kobold hits you but does no damage.
You closely miss the kobold. The jackal bites you.
A bat comes into view.
The kobold misses you. The jackal closely misses you.
You hit the kobold but do no damage. The jackal bites you.
You barely miss the kobold. The kobold hits you but does no damage.
The jackal bites you but does no damage.
The kobold throws a stone.
The stone misses you.
Throw: 9 darts (poison)
Press: ? - help, Q - select action, (/) - cycle Shift-Dir - straight line, f - kobold
Aim: a kobold, wielding a +0 whip and quivering stones (53% to hit)
You throw a poisoned dart. The poisoned dart hits the kobold.
The kobold is poisoned.
The kobold throws a stone.
The stone barely misses you.
Throw: 8 darts (poison)
Press: ? - help, Q - select action, (/) - cycle Shift-Dir - straight line, f/p - kobold
Aim: a kobold, wielding a +0 whip and quivering stones (moderately wounded, poisoned, 53% to hit)
You throw a poisoned dart. The poisoned dart misses the kobold.
The poisoned dart hits the jackal.
The jackal is poisoned.
The kobold throws a stone.
The stone hits you.
* * * LOW HITPOINT WARNING * * *
The kobold hits you with a +0 whip.
You die...

.#.#.#.#.#.#.#.#.###
.....b.........##
#.#.#.#.#.#.#.#
...........##
##.#.#.#.#.#.#.#
.....bh.gh....##
#####.###h##### ..
#K# ## #@# #.# #.#
#...........
......#.#####..
......... ..### #..
##.## . #... .....
##.# ##.#.


You could see 2 jackals, a goblin, a bat and a kobold (poisoned).

Vanquished Creatures
  A giant cockroach (D:1)
  A hobgoblin (D:1)
  2 jackals (D:1)
  A kobold (D:1)
  A rat (D:1)
6 creatures vanquished.

Notes
Turn   | Place    | Note
-------+----------+-------------------------------------------
     0 | D:1      | styxcanada the Spriggan Brigand began the quest for the
                  | Orb.
     0 | D:1      | Reached XP level 1. HP: 10/10 MP: 2/2
    44 | D:1      | Reached skill level 6 in Stealth
   217 | D:1      | Found a faded altar of an unknown god.
   301 | D:1      | Slain by a kobold

Illustrated notes

Levels and vault maps discovered:
D:1:      grunt_arrival_crossed_arrows, layout_loops_ring,
          ebering_ecumenical_altar_petrified, hex_large

Skill      XL: |  1 |
---------------+----+-----
Stealth        | 6 |  6.4
Fighting       | |  1.6
Short Blades   | |  2.2
Throwing       | |  2.0
Dodging        | |  1.5

Action                   || total
-------------------------++-------
Melee: Dagger            ||    25
Throw: Dart              ||     2
 Stab: Sleeping          ||     3
Armor: Robe              ||     6
Dodge: Dodged            ||    17
